General information
- name: BNet
- type: Ladder team game (AT/RT)
- host: Battle.net
- saver: Sverker
map: TwilightRuins
- players: 8
- length: 20:26
- speed: Fast
- version: 1.26 W3XP
- replay type: Public
» download(125 KB)
Players
team 1 (winner)

»
URFATCAUSEOFWC3 (
yellow | 32 APM | 655 actions | 20:16)
5 Mountain King
2 Storm Bolt
3 Bash
5 Paladin
1 Holy Light
3 Divine Shield
1 Devotion Aura
» actions
| Basic commands | 14 | |
| Build / train | 85 | |
| Enter build submenu | 36 | |
| Enter hero's abilities submenu | 10 | |
| Give item / drop item | 1 | |
| Remove unit from queue | 1 | |
| Right click | 228 | |
| Select / deselect | 221 | |
| Use ability | 59 | |
655 total
» units
| Peasant | 15 | |
| Footman | 11 | |
| Knight | 8 | |
| Gryphon Rider | 9 | |
43 total
» upgrades
| Plating | 2 | |
| Swords | 3 | |
| Animal War Training | 1 | |
| Storm Hammers | 1 | |
| Lumber Harvesting | 1 | |
| Armor | 2 | |
10 total
» buildings
| Barracks | 1 | |
| Altar of Kings | 1 | |
| Farm | 14 | |
| Keep | 5 | |
| Blacksmith | 1 | |
| Arcane Vault | 1 | |
| Lumber Mill | 1 | |
| Castle | 1 | |
| Town Hall | 1 | |
| Scout Tower | 10 | |
| Gryphon Aviary | 1 | |
| Guard Tower | 8 | |
| Workshop | 1 | |
46 total
» build order
00:29 Barracks
00:33 Altar of Kings
00:35 Farm
01:22 Farm
02:03 Farm
02:09 Farm
02:11 Farm
02:46 Keep
02:46 Keep
02:47 Keep
02:47 Keep
03:17 Farm
03:44 Blacksmith
04:24 Arcane Vault
04:45 Farm
05:46 Lumber Mill
06:06 Castle
07:22 Town Hall
07:24 Scout Tower
07:58 Scout Tower
08:05 Gryphon Aviary
09:43 Scout Tower
09:45 Guard Tower
09:59 Farm
10:54 Scout Tower
10:55 Guard Tower
11:06 Farm
11:52 Scout Tower
11:53 Guard Tower
11:56 Farm
12:37 Guard Tower
12:40 Scout Tower
12:48 Workshop
12:52 Farm
13:17 Guard Tower
13:19 Scout Tower
13:59 Scout Tower
14:00 Guard Tower
14:11 Farm
15:46 Farm
15:51 Scout Tower
15:53 Guard Tower
19:31 Scout Tower
19:32 Guard Tower
19:36 Farm
19:38 Keep
» items
| Scroll of Regeneration | 2 | |
| Lesser Clarity Potion | 1 | |
3 total
Sverker (
blue | 90 APM | 1847 actions | 20:26)
6 Blood Mage
3 Flame Strike
2 Siphon Mana
1 Summon Phoenix
» actions
| Assign group hotkey | 45 | |
| Basic commands | 74 | |
| Build / train | 160 | |
| ESC pressed | 3 | |
| Enter build submenu | 50 | |
| Enter hero's abilities submenu | 6 | |
| Give item / drop item | 5 | |
| Right click | 577 | |
| Select / deselect | 367 | |
| Select group hotkey | 449 | |
| Use ability | 111 | |
1847 total
» units
| Peasant | 24 | |
| Footman | 14 | |
| Goblin Shredder | 8 | |
| Sorceress | 1 | |
| Flying Machine | 8 | |
| Dragonhawk Rider | 6 | |
| Goblin Sapper | 2 | |
63 total
» upgrades
| Masonry | 3 | |
| Defend | 1 | |
| Lumber Harvesting | 2 | |
| Swords | 1 | |
| Sorceress Training | 2 | |
| Magic Sentry | 1 | |
| Plating | 3 | |
| Cloud | 1 | |
| Flak Cannons | 1 | |
| Flying Machine Bombs | 1 | |
| Animal War Training | 1 | |
| Barrage | 1 | |
| Gunpowder | 3 | |
| Priest Training | 2 | |
| Storm Hammers | 1 | |
| Backpack | 1 | |
| Armor | 1 | |
| Fragmentation Shards | 1 | |
| Flare | 1 | |
28 total
» buildings
| Barracks | 1 | |
| Altar of Kings | 2 | |
| Farm | 11 | |
| Town Hall | 2 | |
| Arcane Vault | 1 | |
| Scout Tower | 18 | |
| Lumber Mill | 1 | |
| Arcane Tower | 5 | |
| Guard Tower | 17 | |
| Keep | 2 | |
| Blacksmith | 2 | |
| Arcane Sanctum | 1 | |
| Castle | 2 | |
| Gryphon Aviary | 2 | |
| Workshop | 2 | |
69 total
» build order
00:09 Barracks
00:11 Altar of Kings
00:14 Altar of Kings
00:16 Farm
00:54 Farm
01:35 Farm
02:32 Farm
03:40 Town Hall
03:42 Town Hall
04:33 Arcane Vault
04:53 Scout Tower
04:58 Lumber Mill
05:23 Arcane Tower
05:31 Scout Tower
05:57 Scout Tower
05:58 Scout Tower
05:59 Arcane Tower
05:59 Arcane Tower
06:00 Arcane Tower
06:02 Scout Tower
06:07 Scout Tower
06:10 Scout Tower
06:48 Farm
06:53 Guard Tower
06:53 Guard Tower
07:04 Guard Tower
07:44 Keep
07:44 Keep
07:49 Guard Tower
07:49 Guard Tower
07:50 Guard Tower
07:53 Scout Tower
07:55 Scout Tower
07:58 Scout Tower
08:02 Scout Tower
08:05 Farm
08:57 Guard Tower
09:21 Scout Tower
09:28 Scout Tower
09:31 Scout Tower
09:33 Scout Tower
09:35 Scout Tower
09:59 Blacksmith
10:01 Blacksmith
10:06 Arcane Sanctum
10:08 Castle
10:08 Castle
10:17 Gryphon Aviary
10:21 Gryphon Aviary
11:21 Workshop
11:30 Workshop
11:33 Scout Tower
11:41 Scout Tower
11:43 Farm
12:03 Guard Tower
12:03 Guard Tower
12:04 Guard Tower
12:08 Guard Tower
12:16 Guard Tower
12:16 Guard Tower
16:02 Farm
16:07 Farm
16:13 Farm
16:14 Farm
» items
| Scroll of Regeneration | 5 | |
| Boots of Speed | 1 | |
| Periapt of Vitality | 2 | |
| Staff of Teleportation | 1 | |
| Potion of Invisibility | 3 | |
| Lesser Clarity Potion | 4 | |
| Potion of Healing | 3 | |
| Scroll of Town Portal | 3 | |
22 total

»
TwistedGlory (
teal | 23 APM | 458 actions | 20:16)
5 Demon Hunter
2 Immolation
3 Evasion
» actions
| Build / train | 67 | |
| Enter build submenu | 26 | |
| Enter hero's abilities submenu | 5 | |
| Right click | 156 | |
| Select / deselect | 169 | |
| Use ability | 35 | |
458 total
» units
| Wisp | 20 | |
| Archer | 5 | |
| Hippogryph | 16 | |
| Dryad | 10 | |
51 total
» upgrades
| Strength of the Wild | 3 | |
| Reinforced Hides | 2 | |
| Nature's Blessing | 1 | |
| Abolish Magic | 1 | |
| Well Spring | 1 | |
8 total
» buildings
| Altar of Elders | 1 | |
| Moon Well | 5 | |
| Ancient of War | 1 | |
| Ancient of Wonders | 1 | |
| Hunter's Hall | 1 | |
| Tree of Ages | 1 | |
| Ancient Protector | 11 | |
| Ancient of Wind | 1 | |
| Ancient of Lore | 1 | |
| Tree of Eternity | 1 | |
| Tree of Life | 1 | |
25 total
» build order
00:12 Altar of Elders
00:18 Moon Well
00:40 Ancient of War
01:16 Ancient of Wonders
01:54 Moon Well
02:35 Hunter's Hall
02:56 Moon Well
03:50 Tree of Ages
04:58 Ancient Protector
05:22 Ancient Protector
06:15 Ancient of Wind
06:30 Ancient of Lore
06:42 Ancient Protector
08:06 Moon Well
08:17 Ancient Protector
08:45 Ancient Protector
09:36 Ancient Protector
10:24 Moon Well
11:02 Ancient Protector
12:02 Tree of Eternity
12:14 Ancient Protector
15:24 Ancient Protector
16:37 Ancient Protector
19:31 Ancient Protector
19:42 Tree of Life

»
pod.degas (
pink | 35 APM | 704 actions | 20:16)
4 Mountain King
2 Storm Bolt
2 Bash
4 Paladin
2 Divine Shield
2 Devotion Aura
» actions
| Basic commands | 12 | |
| Build / train | 54 | |
| Enter build submenu | 23 | |
| Enter hero's abilities submenu | 8 | |
| Right click | 387 | |
| Select / deselect | 179 | |
| Use ability | 41 | |
704 total
» units
| Peasant | 6 | |
| Footman | 4 | |
| Rifleman | 5 | |
| Mortar Team | 5 | |
| Siege Engine | 2 | |
22 total
» upgrades
| Masonry | 2 | |
| Gunpowder | 3 | |
| Lumber Harvesting | 1 | |
| Long Rifles | 1 | |
| Armor | 2 | |
| Plating | 1 | |
10 total
» buildings
| Altar of Kings | 1 | |
| Lumber Mill | 2 | |
| Farm | 8 | |
| Scout Tower | 4 | |
| Guard Tower | 4 | |
| Barracks | 1 | |
| Blacksmith | 1 | |
| Keep | 1 | |
| Arcane Vault | 1 | |
| Workshop | 2 | |
| Castle | 1 | |
| Town Hall | 1 | |
27 total
» build order
00:10 Altar of Kings
00:15 Lumber Mill
00:24 Lumber Mill
00:31 Farm
00:42 Scout Tower
01:30 Guard Tower
01:44 Barracks
01:51 Farm
02:28 Farm
02:59 Scout Tower
03:20 Blacksmith
03:34 Guard Tower
04:41 Farm
05:43 Keep
05:56 Arcane Vault
06:52 Farm
07:05 Farm
08:11 Workshop
09:39 Farm
11:05 Farm
13:44 Scout Tower
14:20 Castle
14:45 Guard Tower
15:01 Scout Tower
15:42 Guard Tower
19:05 Workshop
20:02 Town Hall
» items
| Scroll of Regeneration | 3 | |
| Scroll of Protection | 1 | |
4 total
team 2 (loser)

»
boyle04 (
green | 35 APM | 696 actions | 20:02)
4 Mountain King
2 Storm Bolt
2 Bash
» actions
| Assign group hotkey | 10 | |
| Basic commands | 23 | |
| Build / train | 56 | |
| Enter build submenu | 20 | |
| Enter hero's abilities submenu | 4 | |
| Give item / drop item | 2 | |
| Remove unit from queue | 1 | |
| Right click | 151 | |
| Select / deselect | 200 | |
| Select group hotkey | 175 | |
| Use ability | 54 | |
696 total
» units
| Peasant | 13 | |
| Footman | 11 | |
| Gryphon Rider | 7 | |
| Dragonhawk Rider | 2 | |
33 total
» upgrades
| Swords | 2 | |
| Armor | 2 | |
| Lumber Harvesting | 1 | |
| Storm Hammers | 1 | |
| Cloud | 1 | |
7 total
» buildings
| Altar of Kings | 1 | |
| Farm | 12 | |
| Barracks | 1 | |
| Scout Tower | 9 | |
| Arcane Tower | 3 | |
| Lumber Mill | 1 | |
| Guard Tower | 4 | |
| Arcane Vault | 1 | |
| Blacksmith | 1 | |
| Keep | 1 | |
| Gryphon Aviary | 3 | |
| Castle | 1 | |
38 total
» build order
00:11 Altar of Kings
00:17 Farm
00:18 Farm
00:56 Barracks
01:48 Scout Tower
02:25 Arcane Tower
02:51 Farm
02:52 Farm
03:06 Lumber Mill
03:25 Scout Tower
04:09 Guard Tower
04:25 Farm
04:26 Farm
05:37 Farm
05:41 Farm
06:07 Arcane Vault
06:11 Blacksmith
06:13 Keep
07:14 Farm
07:18 Scout Tower
07:19 Scout Tower
07:20 Scout Tower
07:23 Scout Tower
09:22 Gryphon Aviary
09:23 Gryphon Aviary
09:25 Gryphon Aviary
09:34 Guard Tower
09:47 Scout Tower
09:49 Arcane Tower
10:29 Guard Tower
11:02 Castle
12:10 Farm
12:11 Farm
12:13 Farm
12:46 Scout Tower
12:51 Scout Tower
13:45 Arcane Tower
13:49 Guard Tower
» items
DCI (
orange | 41 APM | 812 actions | 20:01)
5 Priestess of the Moon
3 Trueshot Aura
2 Searing Arrows
» actions
| Assign group hotkey | 21 | |
| Basic commands | 7 | |
| Build / train | 85 | |
| Enter build submenu | 17 | |
| Enter hero's abilities submenu | 5 | |
| Give item / drop item | 1 | |
| Right click | 317 | |
| Select / deselect | 222 | |
| Select group hotkey | 84 | |
| Use ability | 53 | |
812 total
» units
| Wisp | 22 | |
| Archer | 23 | |
| Hippogryph | 16 | |
61 total
» upgrades
| Strength of the Moon | 3 | |
| Moon Armor | 3 | |
| Improved Bows | 1 | |
| Hippogryph Taming | 1 | |
| Strength of the Wild | 3 | |
| Reinforced Hides | 3 | |
| Marksmanship | 1 | |
15 total
» buildings
| Altar of Elders | 1 | |
| Moon Well | 8 | |
| Ancient of War | 1 | |
| Hunter's Hall | 1 | |
| Ancient Protector | 4 | |
| Tree of Ages | 1 | |
| Tree of Life | 1 | |
| Ancient of Wind | 2 | |
| Ancient of Wonders | 2 | |
| Tree of Eternity | 1 | |
22 total
» build order
00:07 Altar of Elders
00:11 Moon Well
01:09 Ancient of War
01:28 Moon Well
02:36 Hunter's Hall
03:19 Moon Well
03:50 Ancient Protector
03:51 Ancient Protector
03:52 Ancient Protector
03:59 Ancient Protector
04:40 Tree of Ages
05:18 Moon Well
06:20 Tree of Life
07:02 Ancient of Wind
07:03 Ancient of Wind
07:08 Ancient of Wonders
07:17 Ancient of Wonders
09:13 Moon Well
09:43 Tree of Eternity
16:18 Moon Well
16:19 Moon Well
16:20 Moon Well
» items
KingOfLimbs (
purple | 37 APM | 752 actions | 20:15)
4 Demon Hunter
2 Immolation
2 Evasion
1 Priestess of the Moon
1 Trueshot Aura
» actions
| Assign group hotkey | 4 | |
| Build / train | 56 | |
| Enter build submenu | 15 | |
| Enter hero's abilities submenu | 5 | |
| Remove unit from queue | 4 | |
| Right click | 200 | |
| Select / deselect | 250 | |
| Select group hotkey | 188 | |
| Use ability | 30 | |
752 total
» units
» upgrades
| Strength of the Moon | 3 | |
| Moon Armor | 1 | |
| Improved Bows | 1 | |
| Marksmanship | 1 | |
6 total
» buildings
| Altar of Elders | 1 | |
| Moon Well | 6 | |
| Ancient of War | 2 | |
| Hunter's Hall | 1 | |
| Tree of Ages | 1 | |
| Tree of Life | 1 | |
| Ancient of Lore | 1 | |
| Tree of Eternity | 1 | |
14 total
» build order
00:06 Altar of Elders
00:10 Moon Well
01:30 Ancient of War
01:52 Moon Well
02:45 Hunter's Hall
03:54 Moon Well
06:36 Moon Well
06:38 Tree of Ages
08:03 Tree of Life
09:45 Ancient of Lore
11:20 Ancient of War
14:21 Moon Well
15:56 Tree of Eternity
16:11 Moon Well
IR4P3U (
red | 45 APM | 908 actions | 20:09)
5 Blademaster
2 Critical Strike
3 Wind Walk
» actions
| Basic commands | 1 | |
| Build / train | 73 | |
| Enter build submenu | 14 | |
| Enter hero's abilities submenu | 5 | |
| Give item / drop item | 5 | |
| Remove unit from queue | 2 | |
| Right click | 526 | |
| Select / deselect | 216 | |
| Use ability | 65 | |
908 total
» units
| Peon | 31 | |
| Grunt | 6 | |
| Makrura Snapper | 1 | |
| Shaman | 7 | |
| Tauren | 4 | |
49 total
» upgrades
| Melee Weapons | 3 | |
| Armor | 2 | |
| Shaman Training | 2 | |
| Pulverize | 1 | |
8 total
» buildings
| Barracks | 1 | |
| Orc Burrow | 7 | |
| Altar of Storms | 1 | |
| Voodoo Lounge | 1 | |
| Great Hall | 1 | |
| Stronghold | 1 | |
| War Mill | 1 | |
| Fortress | 1 | |
| Spirit Lodge | 2 | |
| Tauren Totem | 2 | |
18 total
» build order
00:10 Barracks
00:12 Orc Burrow
00:14 Altar of Storms
02:11 Orc Burrow
04:04 Voodoo Lounge
05:06 Great Hall
05:36 Stronghold
06:42 Orc Burrow
06:44 Orc Burrow
07:00 War Mill
13:41 Fortress
13:50 Spirit Lodge
13:52 Spirit Lodge
16:18 Orc Burrow
16:20 Orc Burrow
16:21 Orc Burrow
16:36 Tauren Totem
16:43 Tauren Totem
» items
| Healing Salve | 2 | |
| Periapt of Vitality | 1 | |
| Boots of Speed | 2 | |
5 total
Chat log
(00:21 / Allies) URFATCAUSEOFWC3: knights griffs here
(00:41 / Allies) Sverker: I got early footies and aa later
(00:45 / Allies) Sverker: dhawks or gyros if they all go air
(00:50 / Allies) URFATCAUSEOFWC3: ok melee and a few griffs
(10:11 / Allies) URFATCAUSEOFWC3: lum pls???
(10:20 / Allies) URFATCAUSEOFWC3: ty
(10:27 / Allies) Sverker: np
(11:22 / Allies) URFATCAUSEOFWC3: pink
(12:16 / Allies) URFATCAUSEOFWC3: PINK
(12:19 / Allies) URFATCAUSEOFWC3: DUMBASS
(12:31 / Allies) URFATCAUSEOFWC3: b
(12:32 / Allies) URFATCAUSEOFWC3: b
(12:32 / Allies) URFATCAUSEOFWC3: bb
(13:38 / Allies) URFATCAUSEOFWC3: ???
(13:46 / Allies) URFATCAUSEOFWC3: wtf morts and thats it?
(14:32 / Allies) URFATCAUSEOFWC3: BLUE
(15:27 / Allies) URFATCAUSEOFWC3: PINK
(16:35 / Allies) URFATCAUSEOFWC3: blue first